 Dungeon Crawl Stone Soup version 0.28.0-45-g0d030f2227 (console) character file.

Game seed: 4478298789483805009

113838 Banquo the Eclecticist (level 17, -4/121 HPs)
             Began as a Djinni Hedge Wizard on Apr 21, 2022.
             Was the Champion of Fedhas.
             Killed by an exploding bloated husk (40 damage)
             ... on level 1 of the Swamp on Apr 23, 2022.
             The game lasted 03:14:06 (32891 turns).

Banquo the Eclecticist (Djinni Hedge Wizard)       Turns: 32891, Time: 03:14:09

Health: -4/121     AC: 10    Str:  9    XL:     17   Next: 19%
Gold:   1897       EV: 15    Int: 23    God:    Fedhas [******] SH:  7 Dex: 14

rFire   + . .      SeeInvis +   b - staff of conjuration
rCold   . . .      Faith    .   i - +1 buckler
rNeg    . . .      Spirit   .   d - +0 troll leather armour
rPois   ∞          Reflect  .   h - +2 hat {SInv}
rElec   .          Harm     .   e - +0 cloak {Stlth+}
rCorr   .          Rampage  .   g - +1 pair of gloves
Will    ++...                   (boots unavailable)
Stlth   ++++......              D - amulet of regeneration
HPRegen 1.90/turn               G - ring of ice
MPRegen 0.00/turn               x - ring of willpower

@: forested, flying
A: sickness immunity, fire resistance 2, cold vulnerability 1, float, innate
caster, HP casting, extra vitality 1
a: Renounce Religion, Wall of Briars, Grow Ballistomycete, Overgrow, Grow Oklob


You were on level 1 of the Swamp.
You worshipped Fedhas.
Fedhas was exalted by your worship.
You visited 5 branches of the dungeon, and saw 25 of its levels.

You collected 2275 gold pieces.
You spent 378 gold pieces at shops.

Inventory:

Hand Weapons
 a - a +3 short sword of venom
 t - the +7 long sword of Eternal War {venom, Str+4}
   (You found it on level 14 of the Dungeon)

   It poisons the flesh of those it strikes.
   Str:       It affects your strength (+4).
 u - a +2 trident of freezing
 y - the +4 short sword of Awaleapi {vorpal, Dex+3}
   (You found it on level 5 of the Lair of Beasts)

   It inflicts extra damage upon your enemies.
   Dex:       It affects your dexterity (+3).
 I - a +4 scimitar of flaming
 O - a +1 whip of electrocution
Missiles
 k - 2 boomerangs
 o - 3 throwing nets
Armour
 d - a +0 troll leather armour (worn)
 e - a +0 cloak of stealth (worn)
 g - a +1 pair of gloves (worn)
 h - a +2 hat of see invisible (worn)
 i - a +1 buckler (worn)
 s - a +2 robe of resistance
Magical Staves
 b - a staff of conjuration (weapon)
 c - a staff of air
Jewellery
 p - a ring of positive energy
 x - a ring of willpower (right hand)
 A - an amulet of reflection
 D - an amulet of regeneration (around neck)
 G - a ring of ice (left hand)
 V - a +4 ring of protection
Wands
 f - a wand of digging (4)
 l - a wand of iceblast (44)
 H - a wand of mindburst (7)
 J - a wand of acid (1)
 M - a wand of flame (15)
Scrolls
 m - 5 scrolls of magic mapping
 q - 7 scrolls of teleportation
 r - 17 scrolls of identify
 v - 3 scrolls of summoning
 K - 6 scrolls of fear
 Q - 2 scrolls of fog
 S - 3 scrolls of blinking
 X - a scroll of holy word
Potions
 j - 12 potions of curing
 n - 6 potions of might
 w - 3 potions of cancellation
 z - a potion of resistance
 B - 2 potions of haste
 C - 2 potions of berserk rage
 F - 3 potions of ambrosia
 N - a potion of heal wounds
 P - 2 potions of invisibility
Miscellaneous
 L - a condenser vane
 R - a phial of floods


   Skills:
 * Level 10.9 Fighting
 - Level 4.0 Armour
 * Level 9.9 Dodging
 - Level 5.0 Stealth
 * Level 6.7 Shields
 + Level 17.2 Spellcasting
 * Level 10.6 Invocations


You had 5 spell levels left.
You knew the following spells:

 Your Spells              Type           Power      Damage    Failure   Level
a - Magic Dart            Conj           100%       1d8       0%          1
b - Call Imp              Summ           78%        N/A       0%          2
c - Mephitic Cloud        Conj/Pois/Air  99%        N/A       0%          3
f - Conjure Flame         Conj/Fire      99%        6-21      0%          3
h - Hailstorm             Conj/Ice       100%       3d20      1%          4
i - Iron Shot             Conj/Erth      49%        9d9       1%          6
l - Slow                  Hex            100%       N/A       0%          1
p - Passwall              Tmut/Erth      65%        N/A       0%          2
s - Swiftness             Air            78%        N/A       0%          3
z - Sting                 Tmut/Pois      100%       1d8       0%          1
A - Agony                 Necr           78%        N/A       1%          5
B - Blink                 Tloc           100%       N/A       0%          2
F - Summon Forest         Summ/Tloc      39%        N/A       1%          5
H - Summon Hydra          Summ           39%        N/A       3%          7
Your spell library was empty.

Dungeon Overview and Level Annotations

Branches:
Dungeon (15/15)            Temple (1/1) D:4            Lair (6/6) D:10
  Swamp (1/4) Lair:4        Snake (0/4) Lair:3        Slime (0/5) Lair:5
    Orc (2/2) D:9             Elf (0/3) Orc:2        Vaults (0/5) D:13
 Depths (0/4) D:15

Altars:
Ashenzari
Cheibriados
Dithmenos
Elyvilon
Fedhas
Gozag
Hepliaklqana
Kikubaaqudgha
Makhleb
Nemelex Xobeh
Okawaru
Qazlal
Ru
Sif Muna
Trog
Uskayaw
Vehumet
Wu Jian
Xom
Yredelemnul
Zin
The Shining One
Beogh
Jiyva

Shops:
D:1 !   D:4 [   D:15 :*[   Orc:1 *   Orc:2 ?(**!

Portals:
Abyss: Lair:3

Annotations:
Lair:3 2 transporters, Oluanan's ghost, journeyman DsFi
Lair:4 2 transporters, Fiha's ghost, journeyman VSTm


Innate Abilities, Weirdness & Mutations

You are immune to sickness and miasma.
You are immune to poison.
Your flesh is very heat resistant. (rF++)
You are vulnerable to cold. (rC-)
You float through the air rather than walking.
You learn spells naturally, not from books.
Your magical power is your life essence.
You have superior vitality. (+4 MHP)


Message History

A tree reaches out and hits the bunyip!
A root smacks the tyrant leech from below!
The tyrant leech is waved at by a branch.
The alligator bites your dryad but does no damage.
The alligator tail-slaps your dryad!
Your dryad dies!
Your dryad's corpse disappears in a puff of smoke!
The forest abruptly stops moving.
The vines fall limply to the ground.
The swamp worm fires a harpoon shot at you.
The harpoon shot hits you.
You are yanked forward by the harpoon shot.
The bunyip howls a warning cry!
You hear a deafening roar!
You hear an angry buzzing noise.
You hear a shout!
You hear an angry buzzing noise.
Unknown command.
The swamp worm bites your briar patch!! The spriggan rider closely misses you.
The bunyip claws your briar patch!!!
Your briar patch is destroyed!
Your briar patch disappears in a puff of smoke!
The alligator bites you! The alligator misses you.
A swamp worm comes into view.
Unknown command.
You fly carefully through the plants.
The alligator bites your briar patch!
The alligator tail-slaps your briar patch.
The bunyip closely misses you. The bunyip barely misses you.
The bunyip claws you!!
* * * LOW HITPOINT WARNING * * *
The spriggan rider barely misses you. The alligator bites your briar patch.
The alligator tail-slaps your briar patch.
The swamp worm bites your briar patch!!
Your briar patch is destroyed!
Your briar patch disappears in a puff of smoke!
You feel much better. The spriggan rider closely misses you.
The bloated husk explodes!
The blast of putrescent gases engulfs the alligator!!
The alligator dies!
The blast of putrescent gases engulfs your briar patch!!
The blast of putrescent gases engulfs you!!!
You die...
Fedhas appreciates your contribution to the ecosystem.

≈ ≈≈≈≈≈§♣..♣.≈..≈
.≈≈.≈.≈≈≈≈≈≈≈≈≈≈♣≈.
...≈≈..≈≈.≈w≈≈≈≈≈..
≈♣.≈♣.♣≈≈≈≈.......≈
.≈≈.≈≈.≈..≈≈≈♣≈≈≈≈..
≈≈≈.≈≈/≈≈≈.xw>.≈≈>≈.
≈...≈≈^≈§.wPPi≈≈≈≈≈§
≈.≈≈.≈≈≈≈.wxP.......
.≈≈≈≈.♣≈.§P@>♣≈≈♣.
.♣≈♣.≈≈.≈.....♣ ≈
..≈...†≈..♣≈♣♣♣
♣≈≈♣≈≈≈.♣♣§♣
≈≈≈≈≈.≈≈.♣♣≈.♣♣♣♣
n≈.≈≈.♣†.♣♣♣.♣.. .♣
≈♣.≈≈≈♣.≈.....?♣♣..♣
≈≈.≈≈♣≈t..≈≈≈≈≈.♣...
.≈.≈.≈≈..≈≈≈≈≈≈≈...♣


You could see 2 bunyips, 2 tyrant leeches, a spriggan rider (ally target) and 2
swamp worms.

Vanquished Creatures
  Jorgrun (Orc:1)
  A tentacled monstrosity (Swamp:1)
  A sphinx (D:13)
  Gastronok (D:8)
  2 fire giants (D:13)
  A frost giant (D:13)
  A stone giant (D:15)
  A dire elephant (Lair:6)
  Fannar (Lair:3)
  7 hydras
  An ogre mage (D:15)
  Harold (D:8)
  2 boulder beetles
  A vault guard (D:13)
  A catoblepas (Lair:6)
  9 two-headed ogres
  4 death yaks
  Erica (Lair:1)
  A death knight (D:11)
  8 tengu warriors
  A deep troll shaman (Lair:6)
  An orc high priest (Orc:2)
  Nergalle (D:11)
  7 skeletal warriors
  A bog body (Swamp:1)
  The ghost of Sobaton the Carver, a novice MiFi of Okawaru (D:6)
  An orc knight (D:13)
  2 deep elf pyromancers (D:13)
  A wolf spider (D:15)
  6 orc sorcerers
  12 ugly things
  3 manticores
  6 cyclopes
  21 elephants
  5 black mambas
  Maurice (D:11)
  A cane toad (shapeshifter) (D:15)
  11 cane toads
  5 rime drakes
  2 freezing wraiths
  2 unseen horrors
  8 komodo dragons
  An efreet (D:13)
  3 tengu conjurers
  7 trolls
  3 meliai (D:15)
  5 polar bears
  A tyrant leech (Swamp:1)
  A troll (shapeshifter) (D:13)
  2 dream sheep (Lair:6)
  7 slime creatures
  15 blink frogs
  A jumping spider (shapeshifter) (D:13)
  An air elemental (D:10)
  2 shadows
  44 yaks
  4 wyverns
  A basilisk (Lair:4)
  2 wraiths
  A fire elemental (D:10)
  A steam dragon (Lair:4)
  3 vampire mosquitoes
  A warg (Orc:2)
  3 nagas (Lair:3)
  4 swamp worms
  An acid dragon (D:13)
  16 water moccasins
  19 orc warriors
  2 black bears
  4 sky beasts
  2 ice beasts
  The ghost of kitty14015 the Covered, an amateur HOFi (D:3)
  2 necrophages
  5 ogres
  14 wolves
  5 centaurs
  3 phantoms
  3 kobold brigands
  10 bullfrogs
  A gnoll sergeant (D:9)
  A water moccasin zombie (D:5)
  2 scorpions (D:5)
  An earth elemental (D:10)
  A water moccasin skeleton (D:6)
  19 killer bees
  5 wights
  A howler monkey (D:9)
  2 electric eels
  5 centaur zombies
  A hound (D:6)
  2 jellies (D:5)
  A gnoll shaman (D:8)
  23 orc priests
  A centaur skeleton (D:5)
  An iguana (D:6)
  35 orc wizards
  A hell rat (Lair:5)
  A killer bee zombie (D:6)
  A hound skeleton (D:5)
  A howler monkey zombie (D:8)
  5 adders
  22 gnolls
  5 river rats (Lair:5)
  2 shadow imps (D:5)
  A white imp (D:6)
  A worm (D:4)
  6 dart slugs
  58 orcs
  9 ball pythons
  12 endoplasms
  4 giant cockroaches
  8 goblins
  3 hobgoblins
  5 jackals
  4 quokkas
  6 bats
  8 frilled lizards
  19 kobolds
  10 rats
  A ballistomycete spore (D:8)
  A snaplasher vine (Lair:4)
641 creatures vanquished.

Vanquished Creatures (collateral kills)
  3 hydras
  2 boulder beetles
  2 centaur warriors (D:13)
  2 catoblepae
  A two-headed ogre (D:9)
  2 death yaks (Lair:6)
  The ghost of Ablot the Slicer, a novice GnCK of Xom (D:7)
  A death knight (D:13)
  2 bog bodies (Lair:4)
  A manticore (D:12)
  An ugly thing (D:15)
  3 elephants (Lair:4)
  4 cane toads
  A rime drake (Lair:4)
  3 kobold demonologists (D:10)
  A polar bear (Lair:6)
  A hornet (D:9)
  2 blink frogs
  A slime creature (D:12)
  4 dream sheep (Lair:6)
  A shadow (D:9)
  12 yaks
  A swamp worm (Lair:4)
  A water moccasin (Lair:5)
  A black bear (Lair:6)
  An orc warrior (Orc:1)
  A sky beast (D:7)
  A hornet zombie (D:7)
  3 wolves (Lair:4)
  2 ogres
  A kobold brigand (D:9)
  2 bullfrogs (Lair:5)
  4 orc priests
  3 orc wizards (D:9)
  A hell rat (Lair:5)
  11 orcs
  A ball python (D:3)
  A bat (D:3)
  2 kobolds
  8 ballistomycete spores
96 creatures vanquished.

Vanquished Creatures (others)
  An angel (D:9)
  An alligator (Swamp:1)
  A bloated husk (Swamp:1)
  A water elemental (D:10)
  A kobold brigand (D:7)
  A bush (Lair:6)
  33 fungi
  42 plants
  13 snaplasher vines
94 creatures vanquished.

Grand Total: 831 creatures vanquished

Notes
Turn   | Place    | Note
-------+----------+-------------------------------------------
     0 | D:1      | Banquo the Djinni Hedge Wizard began the quest for the Orb.
     0 | D:1      | Reached XP level 1. HP: 15/15 MP: 0/0
    92 | D:1      | Found Teovaro's Distillery.
   171 | D:1      | Reached XP level 2. HP: 13/22 MP: 0/0
   684 | D:1      | You are sucked into a shaft and drop 1 floor!
   744 | D:2      | Found a faded altar of an unknown god.
   780 | D:2      | Reached XP level 3. HP: 20/26 MP: 0/0
   780 | D:2      | Learned a level 1 spell: Sting
   788 | D:2      | Reached skill level 1 in Fighting
   788 | D:2      | Reached skill level 3 in Spellcasting
  1445 | D:2      | Reached XP level 4. HP: 9/32 MP: 0/0
  1899 | D:2      | Reached XP level 5. HP: 17/37 MP: 0/0
  1899 | D:2      | Learned a level 2 spell: Passwall
  2300 | D:1      | Reached skill level 4 in Spellcasting
  3538 | D:2      | Found a faded altar of an unknown god.
  3973 | D:3      | Noticed an ice beast
  4076 | D:3      | Noticed kitty14015's ghost (amateur HOFi)
  4123 | D:3      | Found a runed translucent gate.
  4123 | D:3      | Found a runed translucent gate.
  4123 | D:3      | Found a runed translucent gate.
  4324 | D:3      | Killed an ice beast
  4325 | D:3      | Reached XP level 6. HP: 8/44 MP: 0/0
  5172 | D:4      | Found Fydeol's Armour Emporium.
  5253 | D:4      | Found a staircase to the Ecumenical Temple.
  5258 | Temple   | Entered the Ecumenical Temple
  5349 | Temple   | Became a worshipper of Fedhas Madash
  5666 | D:4      | Reached XP level 7. HP: 12/49 MP: 0/0
  5666 | D:4      | Learned a level 3 spell: Swiftness
  5958 | D:4      | Reached skill level 5 in Spellcasting
  6125 | D:4      | Reached skill level 1 in Invocations
  6227 | D:4      | Found a broken altar of Ashenzari.
  6593 | D:4      | Reached * piety under Fedhas
  6824 | D:4      | Found Ystah's Weapon Shop.
  6975 | D:5      | Entered Level 5 of the Dungeon
  7096 | D:5      | Reached XP level 8. HP: 35/56 MP: 0/0
  7738 | D:5      | Reached skill level 6 in Spellcasting
  8371 | D:5      | Reached ** piety under Fedhas
  9001 | D:6      | Reached XP level 9. HP: 49/62 MP: 0/0
  9001 | D:6      | Learned a level 4 spell: Hailstorm
  9276 | D:6      | Reached skill level 7 in Spellcasting
  9300 | D:6      | Reached skill level 1 in Shields
  9810 | D:6      | Found an ornate altar of the Wu Jian Council.
  9832 | D:6      | Found a burning altar of Makhleb.
 10039 | D:6      | Found a hazy altar of Hepliaklqana.
 10185 | D:6      | Found a glowing golden altar of the Shining One.
 10314 | D:6      | Identified the +3 leather armour of Foolhardiness {rPois
                  | Will+ SInv}
 10567 | D:6      | Found a runed translucent gate.
 10567 | D:6      | Found a runed translucent gate.
 10573 | D:6      | Noticed Sobaton's ghost (novice MiFi)
 10575 | D:6      | Found a runed translucent gate.
 11055 | D:7      | Reached skill level 8 in Spellcasting
 11126 | D:7      | Found a runed translucent gate.
 11126 | D:7      | Noticed a tengu warrior
 11127 | D:7      | Found a runed translucent gate.
 11127 | D:7      | Found a runed translucent gate.
 11127 | D:7      | Noticed Ablot's ghost (novice GnCK)
 11143 | D:7      | Found a shadowy altar of Dithmenos.
 11147 | D:7      | Reached *** piety under Fedhas
 11386 | D:7      | Reached skill level 5 in Fighting
 11518 | D:7      | Reached XP level 10. HP: 66/70 MP: 0/0
 11640 | D:7      | Found a stormy altar of Qazlal.
 11640 | D:7      | Found a snail-covered altar of Cheibriados.
 11702 | D:7      | Reached skill level 1 in Armour
 13325 | D:8      | Noticed Gastronok
 13571 | D:8      | Noticed Harold
 13907 | D:8      | Reached skill level 5 in Invocations
 13917 | D:8      | Reached skill level 9 in Spellcasting
 14261 | D:8      | Killed Harold
 14656 | D:9      | Found a glowing silver altar of Zin.
 14686 | D:9      | Noticed an angel
 14789 | D:9      | Reached **** piety under Fedhas
 14932 | D:9      | Found a staircase to the Orcish Mines.
 14969 | D:8      | Killed Gastronok
 14970 | D:8      | Reached XP level 11. HP: 64/76 MP: 0/0
 14970 | D:8      | Learned a level 5 spell: Summon Forest
 15059 | D:9      | Noticed a two-headed ogre
 15404 | D:9      | Killed an angel
 15444 | D:9      | Noticed a two-headed ogre
 15466 | D:9      | Killed a two-headed ogre
 15467 | D:9      | Reached skill level 5 in Dodging
 15467 | D:9      | Reached skill level 10 in Spellcasting
 15823 | D:9      | Identified the +0 leather armour "Otigohix" {Fly MP-9
                  | Dex+4}
 15940 | D:9      | Killed a two-headed ogre
 16483 | D:9      | Found a shimmering altar of Xom.
 16870 | D:10     | Entered Level 10 of the Dungeon
 16919 | D:10     | Noticed a two-headed ogre
 16929 | D:10     | Killed a two-headed ogre
 17102 | D:10     | Found a sparkling altar of Nemelex Xobeh.
 17104 | D:10     | Found an opulent altar of Gozag.
 17441 | D:10     | Found a staircase to the Lair.
 17452 | D:10     | Reached skill level 11 in Spellcasting
 17452 | D:10     | Reached XP level 12. HP: 77/84 MP: 0/0
 17752 | D:10     | Found a large runed translucent door.
 17752 | D:10     | Found a large runed translucent door.
 17768 | D:10     | Reached ***** piety under Fedhas
 17800 | D:10     | Paralysed by an air elemental for 1 turns
 17927 | Lair:1   | Entered Level 1 of the Lair of Beasts
 18159 | Lair:1   | Noticed Erica
 18172 | Lair:1   | Killed Erica
 18241 | Lair:1   | Reached skill level 12 in Spellcasting
 18253 | Lair:1   | Noticed a four-headed hydra
 18261 | Lair:1   | Killed a four-headed hydra
 18979 | Lair:2   | Noticed a seven-headed hydra
 18985 | Lair:2   | Killed a seven-headed hydra
 19048 | Lair:2   | Reached XP level 13. HP: 84/90 MP: 0/0
 19048 | Lair:2   | Learned a level 5 spell: Agony
 19140 | Lair:2   | You are sucked into a shaft and drop 1 floor!
 19237 | Lair:2   | Noticed a seven-headed hydra
 19241 | Lair:2   | Killed a seven-headed hydra
 19968 | Lair:3   | Found a staircase to the Snake Pit.
 20029 | Lair:3   | Reached skill level 13 in Spellcasting
 20201 | Lair:3   | Noticed Fannar
 20205 | Lair:3   | Found a transporter.
 20208 | Lair:3   | Killed Fannar
 20318 | Lair:3   | Found a transporter.
 20366 | Lair:3   | Found a one-way gate to the infinite horrors of the Abyss.
 20366 | Lair:3   | Noticed Oluanan's ghost (journeyman DsFi)
 20802 | Lair:4   | Found a transporter.
 20807 | Lair:4   | Noticed Fiha's ghost (journeyman VSTm)
 20840 | Lair:4   | Found a bloodstained altar of Trog.
 20971 | Lair:4   | Found a transporter.
 21640 | Lair:4   | Reached XP level 14. HP: 89/98 MP: 0/0
 21670 | Lair:4   | Reached ****** piety under Fedhas
 21755 | Lair:4   | Found a staircase to the Swamp.
 21801 | Lair:4   | Reached skill level 14 in Spellcasting
 22616 | Lair:5   | Identified the +4 short sword of Awaleapi {vorpal, Dex+3}
 22635 | Lair:5   | Found a staircase to the Slime Pits.
 23405 | Lair:6   | Entered Level 6 of the Lair of Beasts
 23879 | Lair:6   | Reached skill level 15 in Spellcasting
 23995 | Lair:6   | Reached skill level 5 in Stealth
 24049 | Lair:6   | Reached XP level 15. HP: 99/105 MP: 0/0
 24049 | Lair:6   | Learned a level 6 spell: Iron Shot
 24566 | Lair:6   | Identified the +7 chain mail of Emoghe Vuri {rF+ Int-5
                  | Dex+2}
 25086 | D:3      | Killed kitty14015's ghost
 25196 | D:6      | Killed Sobaton's ghost
 25281 | D:7      | Killed Ablot's ghost
 25800 | D:11     | Noticed Maurice
 25823 | D:11     | Killed Maurice
 25919 | D:11     | Noticed Nergalle
 25921 | D:11     | Killed Nergalle
 26712 | D:12     | Found a bloodstained altar of Trog.
 27605 | Orc:1    | Entered Level 1 of the Orcish Mines
 27684 | Orc:1    | Reached skill level 16 in Spellcasting
 27890 | Orc:2    | Entered Level 2 of the Orcish Mines
 27991 | Orc:2    | Found Pehad's Distillery.
 28185 | Orc:2    | Found a staircase to the Elven Halls.
 28211 | Orc:1    | Reached skill level 10 in Fighting
 28223 | Orc:1    | Found Biysty's CLEARANCE SALE!.
 28309 | Orc:1    | Bought a scroll of teleportation for 18 gold pieces
 28388 | Orc:1    | Noticed Jorgrun
 28417 | Orc:1    | Killed Jorgrun
 28833 | Orc:2    | Reached skill level 5 in Shields
 28852 | Orc:2    | Reached XP level 16. HP: 102/113 MP: 0/0
 29127 | Orc:2    | Found Lorit's Assorted Antiques.
 29127 | Orc:2    | Found Cioghumm's General Store.
 29128 | Orc:2    | Found Tizomn's Magic Scroll Emporium.
 29154 | Orc:2    | Found Damon's Antique Weapon Emporium.
 29163 | Orc:2    | Bought an amulet of regeneration for 360 gold pieces
 29814 | D:13     | Found a broken altar of Ashenzari.
 30119 | D:13     | Found a gate to the Vaults.
 30123 | D:13     | Identified the +7 fustibalus "Herhuddu" {flame, Fragile
                  | rF+++ rN++}
 30263 | D:13     | Noticed a sphinx
 30275 | D:13     | Reached skill level 10 in Invocations
 30283 | D:13     | Killed a sphinx
 30335 | D:13     | Noticed a fire giant
 30349 | D:13     | Killed a fire giant
 30501 | D:13     | Noticed a frost giant
 30502 | D:13     | Noticed a fire giant
 30518 | D:13     | Killed a frost giant
 30535 | D:13     | Killed a fire giant
 30914 | D:14     | Identified the +7 long sword of Eternal War {venom, Str+4}
 31371 | D:15     | Entered Level 15 of the Dungeon
 31709 | D:15     | Found Litui's Antique Armour Boutique.
 31877 | D:15     | Reached skill level 17 in Spellcasting
 31922 | D:15     | Found Nuallubu's Assorted Antiques.
 31945 | D:15     | Found Wymusk's Book Shop.
 32238 | D:15     | Found a staircase to the Depths.
 32242 | D:15     | Reached XP level 17. HP: 108/121 MP: 0/0
 32242 | D:15     | Learned a level 7 spell: Summon Hydra
 32864 | Swamp:1  | Entered Level 1 of the Swamp
 32875 | Swamp:1  | Noticed a tentacled monstrosity
 32882 | Swamp:1  | Killed a tentacled monstrosity
 32891 | Swamp:1  | Killed by an exploding bloated husk

Illustrated notes

Levels and vault maps discovered:
D:1:      lemuel_arrival_room, layout_basic, serial_shops,
          nicolae_shop_waterfront
D:2:      layout_basic, shapermc_ecumenical_altar_starsandcircs
D:3:      layout_rooms, gammafunk_ghost_split
D:4:      minmay_skewed_foursquare, layout_loops_cross,
          mainiacjoe_overflow_paths, temple_doors_e, serial_shops,
          nicolae_shop_behind_doors, nicolae_lakefront_shop
D:5:      layout_basic, minmay_chambers_of_fives
D:6:      layout_loops_ring, grunt_temple_overflow_cloverleaf, kennysheep_mini,
          ebering_ghost_rock_garden, kennysheep_minor_cross
D:7:      layout_basic, grunt_dithmenos_smoke_and_mirrors,
          gammafunk_temple_overflow_statue, serial_corexii_hall,
          corexii_hall_statues_x, chequers_hall_statues_wall_a,
          gammafunk_ghost_split
D:8:      layout_basic, uniq_harold, uniq_gastronok
D:9:      layout_layer_cave, grunt_temple_overflow_order_and_chaos_1,
          orc_0_dummy, minmay_quadrilaterals
D:10:     layout_long_grid, grunt_temple_overflow_opulence, david_lair_shrubbed,
          lightli_elemental_guards
D:11:     layout_stronghold, fungi_pond_lemuel, uniq_maurice, uniq_nergalle
D:12:     layout_cave_pods, bloody_trog
D:13:     thingy_vault, layout_cave_pools, david_vaults_5,
          nicolae_ashenzari_panopticon
D:14:     layout_basic
D:15:     grunt_enter_depths_snipers, layout_basic, serial_shops,
          nicolae_shop_waterfront, shop, nicolae_shop_crystal
Temple:   pf_slimified_temple
Lair:1:   layout_hall_layers, grunt_megastairs_2, uniq_erica
Lair:2:   layout_cellular_growth
Lair:3:   layout_chaotic_city, minmay_snake_entry_guardpost_small,
          gammafunk_ghost_abyssal_escape, uniq_fannar
Lair:4:   layout_layer_cave, nicolae_swamp_entry_splash_gauntlet,
          gammafunk_ghost_wrathful_warriors
Lair:5:   beast_lair_carwin_large_1, layout_cave_pods,
          nicolae_slime_entry_slimehenge, kennysheep_rathole
Lair:6:   grunt_lair_end_beastmaster, layout_long_grid,
          grunt_forest_small_clearing_treed
Swamp:1:  layout_falls_marsh, evilmike_swamp_ruin_rubble_1,
          infiniplex_staircase_pool
Orc:1:    layout_caves, lemuel_statue_altar, nicolae_shop_clearance,
          uniq_jorgrun
Orc:2:    st_orc_mages, layout_diamond_mine, serial_shops, shop_statue

Skill      XL: |  1  2  3  4  5  6  7  8  9 10 11 12 13 14 15 16 |
---------------+-------------------------------------------------+-----
Fighting       | 1 2 3 4 5 6 7 8 9 10 | 10.9
Spellcasting   | 3 4 5 6 8 9 11 12 13 15 16 17 | 17.2
Dodging        | 3 4 5 6 7 8 9 |  9.9
Invocations    | 2 3 4 5 6 7 8 9 10 | 10.6
Shields        | 2 3 4 5 6 |  6.7
Armour         | 3 4 |  4.0
Stealth        | 3 5 |  5.0

Action                   |  1- 3 |  4- 6 |  7- 9 | 10-12 | 13-15 | 16-18 || total
-------------------------+-------+-------+-------+-------+-------+-------++-------
Melee: Dagger            |       |     5 |       |       |       |       ||     5
       Short sword       |       |     8 |    32 |    49 |     1 |       ||    90
       Punch             |       |     1 |       |       |       |       ||     1
       Staff             |       |       |       |    23 |     3 |       ||    26
       Trident           |       |       |       |     2 |       |       ||     2
 Cast: Magic Dart        |    69 |   130 |   241 |   144 |   153 |    38 ||   775
       Sting             |     3 |    36 |    71 |    54 |    15 |       ||   179
       Mephitic Cloud    |     1 |     7 |    18 |    15 |    23 |    11 ||    75
       Conjure Flame     |     1 |     4 |    16 |    15 |     3 |     1 ||    40
       Hailstorm         |       |       |    11 |   116 |   250 |    39 ||   416
       Summon Forest     |       |       |       |    12 |    29 |    14 ||    55
       Call Imp          |       |       |       |     4 |       |     1 ||     5
       Swiftness         |       |       |       |     1 |       |       ||     1
       Slow              |       |       |       |     1 |    35 |       ||    36
       Blink             |       |       |       |       |    24 |     3 ||    27
       Agony             |       |       |       |       |     5 |       ||     5
       Iron Shot         |       |       |       |       |    77 |   124 ||   201
Invok: Grow Ballistomyce |       |       |       |     1 |     1 |       ||     2
       Wall of Briars    |       |       |       |       |       |     1 ||     1
  Use: Scroll            |       |     1 |    14 |    11 |     1 |       ||    27
       Potion            |       |       |       |       |       |     1 ||     1
 Stab: Confused          |       |     1 |     2 |     1 |       |       ||     4
Armor: Robe              |     1 |     1 |     9 |       |       |       ||    11
       Leather armour    |       |       |    11 |    20 |       |       ||    31
       Troll leather arm |       |       |       |    13 |     6 |     6 ||    25
Dodge: Dodged            |     6 |    14 |    33 |    65 |    27 |    28 ||   173
Block: Other             |       |       |     5 |       |       |       ||     5
       Buckler           |       |       |    24 |    79 |    12 |    10 ||   125
       Reflection        |       |       |     7 |     8 |     1 |       ||    16
